AoeStats
← S2. Batman, pero pelado

Nomad

506501130Analyzed
4v4 RM · 19d ago on Sep 13, 2026· 36m 44s· 8 players
Game mode
Random Map
Map size
231×231
Population
200
Speed
Normal
Resources
Standard
Victory
Conquest
Starting age
Dark Age
Ending age
Imperial Age
RankedLock teamsTeams togetherTeam positionsShared explorationLock speedFull tech treeHidden civsTurbo modeCheats
Victory
Defeat
🇹🇷 Teutons · Türkiye
1434
+18
🇨🇦 Magyars · Canada
1387
+20
🇺🇸 Khitans · United States
1379
+20
🇨🇴 Vikings · Colombia
1366
+21
🇦🇷 Saracens · Argentina
1620
-25
🇦🇷 Romans · Argentina
1475
-20
🇦🇷 Gurjaras · Argentina
1423
-18
🇦🇷 Lithuanians · Argentina
1389
-16
Mycroft
7:50 Loom
12:52 Feudal Age
17:11 Castle Age
15:18 Double-Bit Axe
16:48 Fletching
18:07 Bow Saw
17:51 Domestication
18:15 Bodkin Arrow
19:08 Pastoralism
20:36 Gold Mining
23:56 Town Watch
27:12 Ballistics
29:30 Husbandry
31:28 Padded Archer Armor
32:22 Wheelbarrow
32:41 Heavy Cavalry Archer
35:22 Hand Cart
34:59 Stone Mining
35:41 Leather Archer Armor
Steve the Ishvalan
5:14 Loom
12:49 Feudal Age
13:33 Double-Bit Axe
15:16 Horse Collar
24:21 Castle Age
23:28 Scale Barding Armor
24:01 Bloodlines
25:09 Gold Mining
32:30 Wheelbarrow
32:58 Chain Barding Armor
Bzm_JöNTüRK
3:01 Loom
13:34 Feudal Age
20:44 Castle Age
19:47 Double-Bit Axe
19:43 Horse Collar
21:48 Bow Saw
29:15 Heavy Plow
30:38 Stone Mining
30:40 Gold Mining
33:16 Devotion
36:21 Imperial Age
33:38 Town Watch
34:19 Scale Mail Armor
34:30 Forging
35:35 Chain Mail Armor
37:15 Iron Casting
37:11 Ironclad
ImPerez22
9:12 Loom
12:29 Feudal Age
12:57 Double-Bit Axe
15:04 Town Watch
16:41 Fishing Lines
21:50 Castle Age
23:37 Fletching
24:39 Medium Warships
35:23 Guard Tower
Bill Order
5:06 Loom
12:56 Feudal Age
16:02 Fletching
17:01 Double-Bit Axe
17:05 Town Watch
20:27 Horse Collar
25:20 Castle Age
24:58 Gold Mining
26:14 Medium Warships
26:00 Bodkin Arrow
28:44 Bow Saw
30:47 Fishing Lines
34:08 Gillnets
38:24 Imperial Age
36:25 Stone Mining
37:11 Wheelbarrow
_YuX_
2:58 Loom
12:45 Feudal Age
14:48 Fletching
15:23 Double-Bit Axe
25:31 Castle Age
26:32 Medium Warships
26:25 Bodkin Arrow
29:48 Wheelbarrow
32:08 Padded Archer Armor
32:57 Ballistics
35:41 Imperial Age
33:57 Masonry
34:02 Bow Saw
34:12 Leather Archer Armor
34:28 Hand Cart
36:35 Bracer
S2. Batman, pero pelado
2:58 Loom
14:03 Feudal Age
15:14 Town Watch
21:56 Castle Age
20:30 Horse Collar
22:00 Fletching
24:15 Double-Bit Axe
28:04 Bow Saw
Sinclair
8:08 Loom
9:01 Loom
15:15 Feudal Age
18:57 Castle Age
19:47 Horse Collar
34:06 Wheelbarrow
Connection lost

Rejoining the realm…

Still unreachable

The connection could not be restored.

Session expired

The server has moved on; the page needs a fresh start.